 Dungeon Crawl Stone Soup version 0.29-a0-925-g0a7a3d12f8 (webtiles) character file.

Game seed: 18343393940263869481

2672 Zeld the Trooper (level 9, -4/89 (93) HPs)
             Began as an Ogre Fire Elementalist on July 29, 2022.
             Was an Initiate of Gozag.
             Slain by a wight
             ... wielding a +3 flail
              (9 damage)
             ... on level 8 of the Dungeon.
             The game lasted 00:10:47 (10554 turns).

Zeld the Trooper (Ogre Fire Elementalist)          Turns: 10554, Time: 00:10:47

HP:   -4/89 (93)    AC:  3    Str: 14    XL:     9   Next: 63%
MP:   19/19         EV: 10    Int: 20    God:    Gozag
Gold: 540           SH:  0    Dex:  9    Spells: 9/22 levels left

rFire   + + .      SeeInvis .   h - staff of fire
rCold   + . .      Faith    .   (no shield)
rNeg    . . .      Spirit   .   a - +0 robe
rPois   .          Reflect  .   (helmet restricted)
rElec   .          Harm     .   (no cloak)
rCorr   .          Rampage  .   (gloves unavailable)
Will    .....                   (boots unavailable)
Stlth   ++........              (no amulet)
HPRegen 0.24/turn               y - ring of protection from fire
MPRegen 0.16/turn               m - ring of protection from cold

@: lightly drained
A: large, unfitting armour, tough skin 1
a: Renounce Religion, Potion Petition, Call Merchant, Bribe Branch


You were on level 8 of the Dungeon.
You worshipped Gozag.
Gozag was pleased with you.
You visited 2 branches of the dungeon, and saw 9 of its levels.

You collected 636 gold pieces.
You spent 44 gold pieces at shops.
You paid 52 gold pieces to Gozag.

Inventory:

Armour
 a - a +0 robe (worn)
Magical Staves
 h - a staff of fire (weapon)
Jewellery
 k - a ring of positive energy
 m - a ring of protection from cold (right hand)
 y - a ring of protection from fire (left hand)
Wands
 i - a wand of charming (19)
 w - a wand of roots (6)
Scrolls
 c - 3 scrolls of vulnerability {unknown}
 d - 3 scrolls of butterflies {unknown}
 e - 7 scrolls of teleportation {unknown}
 g - 6 scrolls of fear
 q - a scroll of summoning {unknown}
 r - a scroll of blinking {unknown}
 s - a scroll of magic mapping {unknown}
 t - 2 scrolls of identify {unknown}
 u - a scroll of immolation {unknown}
 v - a scroll of amnesia {unknown}
Potions
 b - 2 potions of magic
 f - 2 potions of degeneration {unknown}
 j - 3 potions of might {unknown}
 l - 3 potions of haste {unknown}
 n - a potion of berserk rage {unknown}
 o - 2 potions of curing
 p - a potion of brilliance {unknown}
 x - a potion of cancellation {unknown}
 z - a potion of attraction {unknown}
 A - 2 potions of lignification {unknown}
 B - a potion of invisibility {unknown}


   Skills:
 * Level 7.4 Fighting
 + Level 4.1 Dodging
 + Level 3.8 Stealth
 * Level 7.2 Spellcasting
 + Level 3.8 Conjurations
 * Level 6.2 Fire Magic


You had 9 spell levels left.
You knew the following spells:

 Your Spells              Type           Power      Damage    Failure   Level
a - Foxfire               Conj/Fire      100%       2x1d9     1%          1
b - Scorch                Fire           96%        2d9       1%          2
c - Inner Flame           Hex/Fire       29%        N/A       8%          3
d - Flame Wave            Conj/Fire      41%        2d11      12%         4
q - Mephitic Cloud        Conj/Pois/Air  12%        N/A       16%         3

Your spell library contained the following spells:

 Spells                   Type           Power      Damage    Failure   Level
 Magic Dart               Conj           88%        1d7       1%          1
 Conjure Flame            Conj/Fire      41%        6-21      3%          3
 Dazzling Flash           Conj/Hex       28%        N/A       13%         3
 Blink                    Tloc           14%        N/A       14%         2
 Call Imp                 Summ           7%         N/A       14%         2
 Gell's Gravitas          Tloc           7%         N/A       28%         3
 Lesser Beckoning         Tloc           7%         N/A       28%         3
 Teleport Other           Tloc           7%         N/A       28%         3
 Agony                    Necr           7%         N/A       95%         5
 Manifold Assault         Tloc           7%         N/A       95%         5
 Silence                  Hex/Air        3%         N/A       95%         5
 Dispersal                Tloc           3%         N/A       100%        6


Dungeon Overview and Level Annotations

Branches:
Dungeon (8/15)             Temple (1/1) D:6
   Lair: D:8-11

Altars:
Ashenzari
Cheibriados
Dithmenos
Elyvilon
Fedhas
Gozag
Kikubaaqudgha
Makhleb
Nemelex Xobeh
Okawaru
Qazlal
Ru
Sif Muna
Trog
Uskayaw
Vehumet
Wu Jian
Xom
Yredelemnul
Zin
The Shining One

Shops:
D:2 *


Innate Abilities, Weirdness & Mutations

You are too large for most types of armour.
You have tough skin. (AC +1)


Message History

The yak is heavily wounded.
You hear a shout!
The yak gores you but does no damage.
A white imp comes into view.
Casting: Scorch (safe; 1% risk of failure)
Press: ? - help, Q - select action, (/) - cycle Dir - look around, f - activate
Okay, then.
Unknown command.
The yak attacks as you move away! The yak completely misses you.
The yak attacks as you move away! The yak gores you!
The yak is no longer more vulnerable to fire.
The yak attacks as you move away! The yak gores you but does no damage.
The yak attacks as you move away! The yak gores you but does no damage.
The yak attacks as you move away! The yak misses you.
The yak attacks as you move away! The yak closely misses you.
A wight comes into view. It is wielding a +3 flail.
A wight comes into view. It is wielding a +0 morningstar.
You hit the wight but do no damage. The yak gores you!
A wight comes into view. It is wielding a +0 short sword.
The wight hits you with a +0 morningstar.
The wight attacks as you move away! The wight hits you with a +3 flail!
You feel drained. The yak attacks as you move away! The yak gores you!
The wight hits you with a +0 morningstar.
You hit the wight but do no damage. You burn the wight.
The wight is moderately damaged.
The yak closely misses you. The wight barely misses you.
The wight closely misses you. The wight hits you with a +3 flail!
The wight misses you.
The wight hits you with a +0 short sword.
* * * LOW HITPOINT WARNING * * *
The wight hits you with a +3 flail.
* * * LOW HITPOINT WARNING * * *
You feel drained. The wight attacks as you move away!
The wight hits you with a +3 flail!
* * * LOW HITPOINT WARNING * * *
The wight closely misses you. The wight closely misses you.
The wight attacks as you move away! The wight hits you with a +3 flail!
You die...
Your body crumbles into a pile of gold.

#...# #..# ##.## ##. #...#
#..# ##..# ##.. #..<## #..#
##..## ##... #....####..#
#...# ##...# #.....##...#
##..## #...##
#..........####...# #.....
#..#.......##.....## #...#.
#..##..####.z......# ##.##.#
#.....####.@Yz..YY.###.##.⌠.
##.......<..z.........####.#
##........>..####....#.#.#.
#########....# ##..#.⌠.# #
###..## ##..#.#.#.
##..####..####.#
#...##....##.8.
##.........##.#
#...........#.


You could see 3 yaks and 3 wights.

Vanquished Creatures
  2 hornets
  A steam dragon (D:7)
  An acid dragon (D:8)
  A water moccasin (D:5)
  A black bear (D:5)
  2 sky beasts (D:6)
  2 ogres
  A phantom (D:5)
  3 bullfrogs
  2 kobold brigands
  A gnoll sergeant (D:6)
  2 scorpions
  3 wights (D:7)
  A howler monkey (D:6)
  5 hounds
  A jelly (D:8)
  An orc priest (D:7)
  4 orc wizards
  3 iguanas
  8 adders
  5 gnolls (D:7)
  2 white imps
  2 ufetubi
  3 worms
  3 dart slugs
  32 orcs
  4 bats
  9 endoplasms
  2 giant cockroaches
  7 goblins
  8 hobgoblins
  18 kobolds
  6 quokkas
  4 ball pythons
  7 frilled lizards
  A rat (D:1)
158 creatures vanquished.

Vanquished Creatures (others)
  117 foxfires
117 creatures vanquished.

Grand Total: 275 creatures vanquished

Notes
Turn   | Place    | Note
-------+----------+-------------------------------------------
     0 | D:1      | Zeld the Ogre Fire Elementalist began the quest for the
                  | Orb.
     0 | D:1      | Reached XP level 1. HP: 16/16 MP: 3/3
   170 | D:1      | Reached skill level 1 in Conjurations
   218 | D:1      | Reached XP level 2. HP: 24/24 MP: 3/5
   670 | D:1      | Found a faded altar of an unknown god.
   910 | D:1      | Reached XP level 3. HP: 31/31 MP: 3/7
   913 | D:1      | Learned a level 2 spell: Scorch
   917 | D:1      | Learned a level 3 spell: Inner Flame
  1698 | D:2      | Found Hethech's General Store.
  1815 | D:2      | Bought a scroll of fear for 44 gold pieces
  1911 | D:2      | Reached XP level 4. HP: 38/39 MP: 3/8
  1975 | D:2      | Learned a level 3 spell: Mephitic Cloud
  2874 | D:3      | Reached skill level 1 in Fighting
  3337 | D:3      | Found a shimmering blue altar of Sif Muna.
  3342 | D:3      | Reached XP level 5. HP: 48/48 MP: 5/10
  3543 | D:4      | Found a white marble altar of Elyvilon.
  4032 | D:4      | Noticed an ogre
  4041 | D:4      | Killed an ogre
  4042 | D:4      | Reached XP level 6. HP: 58/58 MP: 2/12
  4153 | D:4      | Found a burning altar of Makhleb.
  4222 | D:4      | Learned a level 4 spell: Flame Wave
  4628 | D:5      | Entered Level 5 of the Dungeon
  4850 | D:5      | Noticed a water moccasin
  4939 | D:5      | Killed a water moccasin
  4940 | D:5      | Reached XP level 7. HP: 67/67 MP: 6/13
  5785 | D:5      | Reached skill level 5 in Spellcasting
  5961 | D:5      | Reached XP level 8. HP: 64/79 MP: 2/15
  6279 | D:5      | Found a sacrificial altar of Ru.
  6282 | D:5      | Found an opulent altar of Gozag.
  6287 | D:5      | Found a shimmering altar of Xom.
  6288 | D:5      | Found a snail-covered altar of Cheibriados.
  6288 | D:5      | Found a radiant altar of Vehumet.
  6288 | D:5      | Found a sparkling altar of Nemelex Xobeh.
  6288 | D:5      | Found a stormy altar of Qazlal.
  6289 | D:5      | Found an ornate altar of the Wu Jian Council.
  6291 | D:5      | Found a shadowy altar of Dithmenos.
  6292 | D:5      | Found a broken altar of Ashenzari.
  6293 | D:5      | Found a hide-covered altar of Uskayaw.
  6307 | D:5      | Became a worshipper of Gozag Ym Sagoz the Greedy
  6416 | D:6      | Reached skill level 5 in Fighting
  6416 | D:6      | Reached skill level 5 in Fire Magic
  7213 | D:6      | Found a staircase to the Ecumenical Temple.
  7390 | Temple   | Entered the Ecumenical Temple
  7798 | D:7      | Noticed a hornet
  8000 | D:7      | Killed a hornet
  8001 | D:7      | Reached XP level 9. HP: 80/89 MP: 8/18
  8469 | D:7      | Identified the +8 quarterstaff of the Baking Gods {holy,
                  | rF+}
  9470 | D:7      | You fall into a shaft and drop 1 floor!
  9492 | D:8      | Noticed a hornet
 10275 | D:8      | Killed a hornet
 10552 | D:8      | HP: 4/89 [wight/+3 flail (17)]
 10554 | D:8      | Slain by a wight

Illustrated notes

Levels and vault maps discovered:
D:1:      amcnicky_arrival_blooded_trapdoor, layout_basic,
          dreamdust_ecumenical_altar_angels_and_demons, chequers_arboretum,
          corexii_hall_statues_deadend, grunt_decor_cap
D:2:      layout_basic, serial_shops, shop, grunt_ministairs_8
D:3:      layout_rooms, lemuel_coloured_pillars_altar,
          amcnicky_mini_rare_corridor_liquid,
          nicolae_concentric_dashed_squares_wild, grunt_decor_fettered
D:4:      layout_gridville, mainiacjoe_overflow_brackets,
          nicolae_overflow_crystal_walls
D:5:      layout_cave_pools, minitemple, hangedman_decor_opposing
D:6:      layout_loops_ring, minmay_temple_entry_mist
D:7:      layout_loops_ring
D:8:      layout_layer_cave, grunt_decor_mini_mirrors
Temple:   nicolae_temple_superstar

Skill      XL: |  1  2  3  4  5  6  7  8  9 |
---------------+----------------------------+-----
Conjurations   | 1 2 3 |  3.8
Fire Magic     | 3 4 5 6 |  6.2
Spellcasting   | 3 4 5 6 7 |  7.2
Dodging        | 2 3 4 |  4.1
Fighting       | 1 2 3 4 6 7 |  7.4
Stealth        | 2 3 |  3.8

Action                   |  1- 3 |  4- 6 |  7- 9 || total
-------------------------+-------+-------+-------++-------
Melee: Unarmed           |    19 |       |       ||    19
       Staff             |       |     2 |    16 ||    18
 Cast: Foxfire           |    64 |     7 |     8 ||    79
       Scorch            |    21 |    62 |   130 ||   213
       Inner Flame       |       |     2 |     5 ||     7
       Flame Wave        |       |     1 |       ||     1
  Use: Potion            |       |     4 |       ||     4
Armor: Robe              |    24 |    17 |    11 ||    52
Dodge: Dodged            |    29 |    20 |    49 ||    98

Table legend: (Time is in decaauts)
 A = Elapsed time spent in this place.
 B = Non-inter-level travel time spent in this place.
 C = Inter-level travel time spent in this place.
 D = Time resting spent in this place.
 E = Time spent auto-exploring this place.
 F = Levels seen in this place.
 G = Mean time per level.
                   A        B        C        D        E       F      G
               +--------+--------+--------+--------+--------+-----+--------+
         Total |  10565 |  10362 |    203 |   2422 |   6777 |   9 | 1173.9 |
       Dungeon |  10428 |  10247 |    181 |   2422 |   6671 |   8 | 1303.5 |
        Temple |    136 |    114 |     22 |      0 |    106 |   1 |  136.0 |
               +--------+--------+--------+--------+--------+-----+--------+

Top non-repeatable levels by time:
     D:6: 2117 daAuts
     D:4: 1791 daAuts
     D:1: 1576 daAuts
     D:2: 1130 daAuts
     D:7: 1093 daAuts
     D:5: 1066 daAuts
     D:8: 839 daAuts
     D:3: 814 daAuts
  Temple: 136 daAuts
